Connexion

BUFFALO Sabres vs TAMPA BAY Lightning

Created - 28 mars 2024 at 05:52

Goals
1 2 3 T
BUFFALO Sabres 1 0 0 1
TAMPA BAY Lightning 2 2 1 5
Shots
1 2 3 T
BUFFALO Sabres 12 11 9 32
TAMPA BAY Lightning 5 6 13 24

GoalsPenalties
1st period
1. BUFFALO Sabres , Robby Fabbri 28 (Ryan Johansen 49, Joe Hicketts 23) at 4:41
2. TAMPA BAY Lightning , Jesperi Kotkaniemi 15 (Cole Sillinger 5) at 9:07
3. TAMPA BAY Lightning , Ryan O'Reilly 20 (Evgeny Kuznetsov 51) at 12:47
No Penalty
2nd period
4. TAMPA BAY Lightning , Ryan O'Reilly 21 (Ivan Provorov 68, Evgeny Kuznetsov 52) at 1:25
5. TAMPA BAY Lightning , Evgeny Kuznetsov 36 (Ryan O'Reilly 49) at 5:12
No Penalty
3rd period
6. TAMPA BAY Lightning , Jesperi Kotkaniemi 16 (Artem Zub 35, Garret Sparks) at 16:35 (PP)
Brandon Saad (BUF) for Tripping (Minor) at 0:27
Ty Smith (BUF) for Hooking (Minor) at 14:51
Martin Fehervary (T.B) for Tripping (Minor) at 17:32
Goalie Stats
Michael Hutchinson (BUF), 3 saves from 7 shots - (0,429), L, 15-13-1, 25:12 minutes
Thatcher Demko (BUF), 16 saves from 17 shots - (0,941), 34:48 minutes
Garret Sparks (T.B), 31 saves from 32 shots - (0,969), W, 8-6-3, 60:00 minutes
3 StarsOfficial
1 - Ryan O'Reilly (T.B)
2 - Evgeny Kuznetsov (T.B)
3 - Jesperi Kotkaniemi (T.B)
Referees : Chris Rooney and Kevin Pollock
Linesman : Mark Wheler and Tony Sericolo
Game Note
Thatcher Demko enters game at 5:12 of 2nd period
Artem Zub is injured at 18:06 of 3rd period (Left Leg)
Finance
Level 1 -- Attendance: 5924 (98,73%) -- Ticket Income $758,272
Level 2 -- Attendance: 5186 (76,74%) -- Ticket Income $363,020
Level 3 -- Attendance: 1824 (91,20%) -- Ticket Income $100,320
Level 4 -- Attendance: 3611 (90,28%) -- Ticket Income $115,552
Luxury Box -- Attendance: 885 (88,50%) -- Ticket Income $265,500
Game was played at the St. Pete Times Forum.
Total Attendance: 17430 (88,22%)
Total Ticket Income: $1,602,664
Other Income: $320,533
Total Income: $1,923,197



Team Name Goals Shots Shots Attemp Shots Blocked PIM HIT PP PK FO%
BUFFALO Sabres 1325744210 / 1 (0%)146%
TAMPA BAY Lightning 5244342221 / 2 (50%)054%

BUFFALO Sabres
Player Name POS G A P +/- PIM HIT SHT SB MP PP MP PP SHT PK MP PK SHT FO% FOT
Anton BlidhLW000002207:590:0000:0000% 0
Brandon SaadLW/RW000-2205020:021:0800:5000% 1
Conor ShearyLW/RW000-2031020:381:0801:2500% 0
Eetu LuostarinenC0000012013:140:0000:35069% 13
Ivan BarbashevC/LW/RW000-1032016:260:5100:0000% 2
Jesper BoqvistC/LW000000207:590:0000:00022% 9
Joe HickettsD011-2000117:061:0800:0000% 0
Joel FarabeeLW0000023012:390:0000:00050% 2
Kyle OkposoC/RW000000007:590:0000:0000% 0
Michael Del ZottoD000-1001017:480:0001:3200% 0
Nelson NogierD000-2001121:210:5101:3200% 0
Robby FabbriC/LW101-1013016:400:5110:14050% 2
Ryan JohansenC011-1034018:440:5102:18055% 22
Sam GagnerC/LW/RW000-2023021:171:0802:04042% 24
Timothy LiljegrenD0000020025:060:5102:1100% 0
Ty SmithD0000201120:111:0810:0000% 0
Tyler MyersD000-1020118:270:0002:1100% 0
Warren FoegeleLW/RW0000002012:390:0000:0000% 1
TAMPA BAY Lightning
Player Name POS G A P +/- PIM HIT SHT SB MP PP MP PP SHT PK MP PK SHT FO% FOT
Anders LeeC/LW0001013013:391:4500:2800% 0
Artem ZubD0110021118:432:1810:2200% 0
Cole SillingerC0111020011:400:0000:14040% 15
Denis MalginC/LW/RW000001007:580:0000:0000% 0
Evgeny KuznetsovC1233002021:471:4500:00056% 32
Ivan ProvorovD0112032025:221:2510:5300% 0
Jesperi KotkaniemiC/LW2021004013:050:2211:1700% 0
Josh MahuraD0001000215:270:0000:4400% 0
Kent JohnsonC/LW000-1002016:551:5800:0000% 2
Lawson CrouseLW/RW0003060021:471:3600:140100% 1
Mark FriedmanD0000012119:502:1821:0600% 0
Martin FehervaryD0001221015:100:0000:0000% 0
Oskar SundqvistC000-1011016:140:0001:17056% 16
Peter CehlarikLW/RW000001107:580:0000:0000% 0
Rasmus AsplundC/RW000-1001017:101:4500:280100% 1
Ryan McDonagh D0002020025:221:2500:5300% 0
Ryan O'ReillyC/LW2133004021:331:3610:000100% 2
Sam SteelC000000008:200:2200:00057% 7



Play-by-Play

1st period


0:01 of 1st period - Evgeny Kuznetsov wins face-off versus Sam Gagner in neutral zone.
0:25 of 1st period - Icing by Sam Gagner.
0:26 of 1st period - Oskar Sundqvist wins face-off versus Sam Gagner in BUFFALO Sabres zone.
0:29 of 1st period - Shot by Rasmus Asplund.
0:29 of 1st period - Shot Misses the Net.
0:49 of 1st period - Shot by Kent Johnson.
0:49 of 1st period - Shot Misses the Net.
1:35 of 1st period - Shot by Cole Sillinger.
1:35 of 1st period - Deflect By Jesperi Kotkaniemi.
1:35 of 1st period - Shot Blocked by Nelson Nogier.
2:05 of 1st period - Icing by Nelson Nogier.
2:06 of 1st period - Robby Fabbri wins face-off versus Evgeny Kuznetsov in BUFFALO Sabres zone.
2:08 of 1st period - Ivan Barbashev is hit by Lawson Crouse and loses puck.
2:24 of 1st period - Eetu Luostarinen is hit by Ivan Provorov and loses puck.
2:37 of 1st period - Shot by Joel Farabee.
2:37 of 1st period - Shot Misses the Net.
2:39 of 1st period - Shot by Joel Farabee.
2:39 of 1st period - Stopped by Garret Sparks without a rebound.
2:40 of 1st period - Sam Steel wins face-off versus Jesper Boqvist in TAMPA BAY Lightning zone.
3:05 of 1st period - Shot by Ty Smith.
3:05 of 1st period - Deflect By Anton Blidh.
3:05 of 1st period - Shot Misses the Net.
3:13 of 1st period - Shot by Jesper Boqvist.
3:13 of 1st period - Stopped by Garret Sparks without a rebound.
3:14 of 1st period - Sam Gagner wins face-off versus Evgeny Kuznetsov in TAMPA BAY Lightning zone.
3:22 of 1st period - Brandon Saad is hit by Ivan Provorov and loses puck.
3:25 of 1st period - Shot by Michael Del Zotto.
3:25 of 1st period - Stopped by Garret Sparks with a rebound.
3:52 of 1st period - Sam Gagner is hit by Ivan Provorov and loses puck.
4:19 of 1st period - Shot by Eetu Luostarinen.
4:19 of 1st period - Stopped by Garret Sparks without a rebound.
4:20 of 1st period - Ryan Johansen wins face-off versus Kent Johnson in TAMPA BAY Lightning zone.
4:29 of 1st period - Shot by Ryan Johansen.
4:29 of 1st period - Shot Misses the Net.
4:39 of 1st period - Shot by Robby Fabbri.
4:39 of 1st period - Shot Misses the Net.
4:41 of 1st period - Shot by Ryan Johansen.
4:41 of 1st period - Deflect By Robby Fabbri.
4:41 of 1st period - Goal by Robby Fabbri - BUFFALO Sabres : 1 - TAMPA BAY Lightning : 0.
4:42 of 1st period - Cole Sillinger wins face-off versus Joel Farabee in neutral zone.
4:44 of 1st period - Off-side.
4:45 of 1st period - Cole Sillinger wins face-off versus Eetu Luostarinen in neutral zone.
4:50 of 1st period - Eetu Luostarinen is hit by Anders Lee.
4:56 of 1st period - Josh Mahura is hit by Joel Farabee and loses puck.
5:15 of 1st period - Shot by Jesperi Kotkaniemi.
5:15 of 1st period - Stopped by Michael Hutchinson without a rebound.
5:16 of 1st period - Sam Gagner wins face-off versus Oskar Sundqvist in BUFFALO Sabres zone.
5:46 of 1st period - Shot by Sam Gagner.
5:46 of 1st period - Stopped by Garret Sparks with a rebound.
6:44 of 1st period - Shot by Robby Fabbri.
6:44 of 1st period - Shot Misses the Net.
7:42 of 1st period - Icing by Ivan Provorov.
7:43 of 1st period - Oskar Sundqvist wins face-off versus Sam Gagner in TAMPA BAY Lightning zone.
7:56 of 1st period - Shot by Conor Sheary.
7:56 of 1st period - Shot Misses the Net.
7:58 of 1st period - Shot by Brandon Saad.
7:58 of 1st period - Shot Misses the Net.
8:00 of 1st period - Shot by Tyler Myers.
8:00 of 1st period - Shot Misses the Net.
8:05 of 1st period - Conor Sheary is hit by Ryan McDonagh and loses puck.
8:20 of 1st period - Shot by Sam Gagner.
8:20 of 1st period - Stopped by Garret Sparks with a rebound.
8:26 of 1st period - Shot by Brandon Saad.
8:26 of 1st period - Shot Misses the Net.
8:46 of 1st period - Shot by Joel Farabee.
8:46 of 1st period - Stopped by Garret Sparks without a rebound.
8:47 of 1st period - Ryan Johansen wins face-off versus Evgeny Kuznetsov in TAMPA BAY Lightning zone.
9:05 of 1st period - Icing by Nelson Nogier.
9:06 of 1st period - Cole Sillinger wins face-off versus Ryan Johansen in BUFFALO Sabres zone.
9:07 of 1st period - Shot by Jesperi Kotkaniemi.
9:07 of 1st period - Goal by Jesperi Kotkaniemi - BUFFALO Sabres : 1 - TAMPA BAY Lightning : 1.
9:08 of 1st period - Eetu Luostarinen wins face-off versus Evgeny Kuznetsov in neutral zone.
9:22 of 1st period - Shot by Mark Friedman.
9:22 of 1st period - Shot Misses the Net.
11:09 of 1st period - Off-side.
11:10 of 1st period - Jesper Boqvist wins face-off versus Sam Steel in neutral zone.
11:42 of 1st period - Shot by Jesper Boqvist.
11:42 of 1st period - Shot Misses the Net.
11:44 of 1st period - Shot by Ty Smith.
11:44 of 1st period - Shot Misses the Net.
11:46 of 1st period - Shot by Anton Blidh.
11:46 of 1st period - Stopped by Garret Sparks with a rebound.
12:14 of 1st period - Shot by Ryan Johansen.
12:14 of 1st period - Shot Blocked by Josh Mahura.
12:16 of 1st period - Shot by Ryan Johansen.
12:16 of 1st period - Stopped by Garret Sparks with a rebound.
12:29 of 1st period - Shot by Ryan Johansen.
12:29 of 1st period - Shot Misses the Net.
12:33 of 1st period - Shot by Ryan Johansen.
12:33 of 1st period - Stopped by Garret Sparks without a rebound.
12:34 of 1st period - Evgeny Kuznetsov wins face-off versus Sam Gagner in TAMPA BAY Lightning zone.
12:47 of 1st period - Shot by Ryan O'Reilly.
12:47 of 1st period - Goal by Ryan O'Reilly - BUFFALO Sabres : 1 - TAMPA BAY Lightning : 2.
12:48 of 1st period - Eetu Luostarinen wins face-off versus Cole Sillinger in neutral zone.
13:19 of 1st period - Shot by Jesperi Kotkaniemi.
13:19 of 1st period - Shot Misses the Net.
13:32 of 1st period - Artem Zub is hit by Timothy Liljegren and loses puck.
13:52 of 1st period - Icing by Eetu Luostarinen.
13:53 of 1st period - Eetu Luostarinen wins face-off versus Evgeny Kuznetsov in BUFFALO Sabres zone.
14:02 of 1st period - Joel Farabee is hit by Lawson Crouse and loses puck.
14:07 of 1st period - Shot by Evgeny Kuznetsov.
14:07 of 1st period - Stopped by Michael Hutchinson without a rebound.
14:08 of 1st period - Oskar Sundqvist wins face-off versus Sam Gagner in BUFFALO Sabres zone.
14:27 of 1st period - Shot by Kent Johnson.
14:27 of 1st period - Shot Misses the Net.
14:29 of 1st period - Shot by Kent Johnson.
14:29 of 1st period - Shot Hit the Post.
14:33 of 1st period - Shot by Oskar Sundqvist.
14:33 of 1st period - Deflect By Kent Johnson.
14:33 of 1st period - Shot Misses the Net.
14:41 of 1st period - Shot by Kent Johnson.
14:41 of 1st period - Shot Misses the Net.
14:43 of 1st period - Shot by Oskar Sundqvist.
14:43 of 1st period - Shot Misses the Net.
15:02 of 1st period - Off-side.
15:03 of 1st period - Ryan Johansen wins face-off versus Evgeny Kuznetsov in neutral zone.
15:37 of 1st period - Ryan O'Reilly is hit by Tyler Myers and loses puck.
15:41 of 1st period - Evgeny Kuznetsov is hit by Tyler Myers and loses puck.
16:22 of 1st period - Shot by Anders Lee.
16:22 of 1st period - Stopped by Michael Hutchinson without a rebound.
16:23 of 1st period - Sam Gagner wins face-off versus Sam Steel in BUFFALO Sabres zone.
16:28 of 1st period - Sam Gagner is hit by Denis Malgin.
16:48 of 1st period - Shot by Sam Gagner.
16:48 of 1st period - Stopped by Garret Sparks without a rebound.
16:49 of 1st period - Eetu Luostarinen wins face-off versus Cole Sillinger in TAMPA BAY Lightning zone.
17:00 of 1st period - Shot by Mark Friedman.
17:00 of 1st period - Shot Blocked by Ty Smith.
17:02 of 1st period - Shot by Anders Lee.
17:02 of 1st period - Shot Misses the Net.
17:09 of 1st period - Eetu Luostarinen is hit by Cole Sillinger and loses puck.
18:56 of 1st period - Icing by Ryan O'Reilly.
18:57 of 1st period - Ryan Johansen wins face-off versus Evgeny Kuznetsov in TAMPA BAY Lightning zone.
19:01 of 1st period - Icing by Ryan McDonagh .
19:02 of 1st period - Evgeny Kuznetsov wins face-off versus Ryan Johansen in TAMPA BAY Lightning zone.
19:08 of 1st period - Ryan McDonagh is hit by Ryan Johansen and loses puck.
19:30 of 1st period - Evgeny Kuznetsov is hit by Timothy Liljegren and loses puck.
19:44 of 1st period - Icing by Josh Mahura.
19:45 of 1st period - Oskar Sundqvist wins face-off versus Jesper Boqvist in TAMPA BAY Lightning zone.
19:59 of 1st period - Off-side.
Goals for this period are 1 for BUFFALO Sabres vs 2 for TAMPA BAY Lightning.
Shots for this period are 12 for BUFFALO Sabres vs 5 for TAMPA BAY Lightning.

2nd period


0:01 of 2nd period - Evgeny Kuznetsov wins face-off versus Sam Gagner in neutral zone.
0:03 of 2nd period - Ryan O'Reilly is hit by Sam Gagner and loses puck.
0:21 of 2nd period - Shot by Conor Sheary.
0:21 of 2nd period - Stopped by Garret Sparks without a rebound.
0:22 of 2nd period - Oskar Sundqvist wins face-off versus Ryan Johansen in TAMPA BAY Lightning zone.
0:30 of 2nd period - Off-side.
0:31 of 2nd period - Sam Gagner wins face-off versus Evgeny Kuznetsov in neutral zone.
0:59 of 2nd period - Icing by Ivan Provorov.
1:00 of 2nd period - Evgeny Kuznetsov wins face-off versus Ivan Barbashev in TAMPA BAY Lightning zone.
1:02 of 2nd period - Ryan O'Reilly is hit by Ivan Barbashev and loses puck.
1:25 of 2nd period - Shot by Ryan O'Reilly.
1:25 of 2nd period - Goal by Ryan O'Reilly - BUFFALO Sabres : 1 - TAMPA BAY Lightning : 3.
1:26 of 2nd period - Sam Gagner wins face-off versus Oskar Sundqvist in neutral zone.
2:54 of 2nd period - Shot by Ryan Johansen.
2:54 of 2nd period - Stopped by Garret Sparks with a rebound.
2:56 of 2nd period - Shot by Nelson Nogier.
2:56 of 2nd period - Stopped by Garret Sparks without a rebound.
2:57 of 2nd period - Lawson Crouse wins face-off versus Eetu Luostarinen in TAMPA BAY Lightning zone.
2:57 of 2nd period - Lawson Crouse is hit by Eetu Luostarinen.
3:41 of 2nd period - Shot by Eetu Luostarinen.
3:41 of 2nd period - Stopped by Garret Sparks without a rebound.
3:42 of 2nd period - Ryan Johansen wins face-off versus Oskar Sundqvist in TAMPA BAY Lightning zone.
3:42 of 2nd period - Robby Fabbri is hit by Mark Friedman and loses puck.
3:51 of 2nd period - Shot by Ryan Johansen.
3:51 of 2nd period - Stopped by Garret Sparks without a rebound.
3:52 of 2nd period - Cole Sillinger wins face-off versus Jesper Boqvist in TAMPA BAY Lightning zone.
5:12 of 2nd period - Shot by Evgeny Kuznetsov.
5:12 of 2nd period - Goal by Evgeny Kuznetsov - BUFFALO Sabres : 1 - TAMPA BAY Lightning : 4.
5:12 of 2nd period - Thatcher Demko enters game.
5:13 of 2nd period - Ryan Johansen wins face-off versus Kent Johnson in neutral zone.
5:52 of 2nd period - Shot by Ivan Barbashev.
5:52 of 2nd period - Stopped by Garret Sparks without a rebound.
5:53 of 2nd period - Evgeny Kuznetsov wins face-off versus Brandon Saad in TAMPA BAY Lightning zone.
6:12 of 2nd period - Shot by Ivan Provorov.
6:12 of 2nd period - Stopped by Thatcher Demko without a rebound.
6:13 of 2nd period - Sam Steel wins face-off versus Warren Foegele in BUFFALO Sabres zone.
6:58 of 2nd period - Ty Smith is hit by Peter Cehlarik and loses puck.
7:02 of 2nd period - Icing by Ty Smith.
7:03 of 2nd period - Eetu Luostarinen wins face-off versus Evgeny Kuznetsov in BUFFALO Sabres zone.
7:24 of 2nd period - Ryan McDonagh is hit by Conor Sheary and loses puck.
7:28 of 2nd period - Icing by Ivan Provorov.
7:29 of 2nd period - Evgeny Kuznetsov wins face-off versus Ryan Johansen in TAMPA BAY Lightning zone.
8:25 of 2nd period - Brandon Saad is hit by Lawson Crouse and loses puck.
8:53 of 2nd period - Mark Friedman is hit by Sam Gagner and loses puck.
10:02 of 2nd period - Icing by Jesperi Kotkaniemi.
10:03 of 2nd period - Ryan Johansen wins face-off versus Cole Sillinger in TAMPA BAY Lightning zone.
10:25 of 2nd period - Icing by Ty Smith.
10:26 of 2nd period - Oskar Sundqvist wins face-off versus Ryan Johansen in BUFFALO Sabres zone.
10:51 of 2nd period - Shot by Robby Fabbri.
10:51 of 2nd period - Stopped by Garret Sparks with a rebound.
11:49 of 2nd period - Shot by Ryan O'Reilly.
11:49 of 2nd period - Deflect By Evgeny Kuznetsov.
11:49 of 2nd period - Shot Misses the Net.
11:51 of 2nd period - Shot by Evgeny Kuznetsov.
11:51 of 2nd period - Shot Misses the Net.
13:51 of 2nd period - Kent Johnson is hit by Anton Blidh and loses puck.
14:24 of 2nd period - Shot by Ryan O'Reilly.
14:24 of 2nd period - Shot Blocked by Joe Hicketts.
14:26 of 2nd period - Shot by Ryan O'Reilly.
14:26 of 2nd period - Stopped by Thatcher Demko without a rebound.
14:27 of 2nd period - Sam Gagner wins face-off versus Cole Sillinger in BUFFALO Sabres zone.
14:32 of 2nd period - Shot by Timothy Liljegren.
14:32 of 2nd period - Shot Misses the Net.
14:34 of 2nd period - Shot by Brandon Saad.
14:34 of 2nd period - Stopped by Garret Sparks without a rebound.
14:35 of 2nd period - Sam Gagner wins face-off versus Evgeny Kuznetsov in TAMPA BAY Lightning zone.
14:45 of 2nd period - Icing by Mark Friedman.
14:46 of 2nd period - Ryan Johansen wins face-off versus Evgeny Kuznetsov in TAMPA BAY Lightning zone.
15:06 of 2nd period - Icing by Robby Fabbri.
15:07 of 2nd period - Rasmus Asplund wins face-off versus Ryan Johansen in BUFFALO Sabres zone.
15:08 of 2nd period - Shot by Kent Johnson.
15:08 of 2nd period - Shot Misses the Net.
15:29 of 2nd period - Ryan Johansen is hit by Ryan McDonagh .
15:47 of 2nd period - Shot by Rasmus Asplund.
15:47 of 2nd period - Shot Misses the Net.
16:14 of 2nd period - Conor Sheary is hit by Artem Zub and loses puck.
16:17 of 2nd period - Shot by Sam Gagner.
16:17 of 2nd period - Shot Misses the Net.
16:19 of 2nd period - Shot by Conor Sheary.
16:19 of 2nd period - Shot Misses the Net.
16:23 of 2nd period - Shot by Brandon Saad.
16:23 of 2nd period - Stopped by Garret Sparks without a rebound.
16:24 of 2nd period - Joel Farabee wins face-off versus Cole Sillinger in TAMPA BAY Lightning zone.
16:33 of 2nd period - Shot by Eetu Luostarinen.
16:33 of 2nd period - Shot Hit the Post.
17:10 of 2nd period - Josh Mahura is hit by Conor Sheary and loses puck.
17:19 of 2nd period - Shot by Brandon Saad.
17:19 of 2nd period - Stopped by Garret Sparks with a rebound.
17:33 of 2nd period - Shot by Conor Sheary.
17:33 of 2nd period - Shot Misses the Net.
17:35 of 2nd period - Shot by Brandon Saad.
17:35 of 2nd period - Shot Misses the Net.
17:37 of 2nd period - Shot by Brandon Saad.
17:37 of 2nd period - Stopped by Garret Sparks without a rebound.
17:38 of 2nd period - Evgeny Kuznetsov wins face-off versus Ryan Johansen in TAMPA BAY Lightning zone.
17:38 of 2nd period - Evgeny Kuznetsov is hit by Ivan Barbashev.
18:58 of 2nd period - Icing by Ryan McDonagh .
18:59 of 2nd period - Evgeny Kuznetsov wins face-off versus Sam Gagner in TAMPA BAY Lightning zone.
18:59 of 2nd period - Ivan Provorov is hit by Conor Sheary and loses puck.
19:18 of 2nd period - Shot by Kent Johnson.
19:18 of 2nd period - Stopped by Thatcher Demko without a rebound.
19:19 of 2nd period - Jesper Boqvist wins face-off versus Oskar Sundqvist in BUFFALO Sabres zone.
19:38 of 2nd period - Shot by Rasmus Asplund.
19:38 of 2nd period - Deflect By Kent Johnson.
19:38 of 2nd period - Stopped by Thatcher Demko without a rebound.
19:39 of 2nd period - Sam Gagner wins face-off versus Cole Sillinger in BUFFALO Sabres zone.
Goals for this period are 0 for BUFFALO Sabres vs 2 for TAMPA BAY Lightning.
Shots for this period are 11 for BUFFALO Sabres vs 6 for TAMPA BAY Lightning.

3rd period


0:01 of 3rd period - Evgeny Kuznetsov wins face-off versus Sam Gagner in neutral zone.
0:27 of 3rd period - Minor Penalty to Brandon Saad for Tripping.
0:28 of 3rd period - Evgeny Kuznetsov wins face-off versus Sam Gagner in BUFFALO Sabres zone.
0:31 of 3rd period - Shot by Anders Lee.
0:31 of 3rd period - Shot Blocked by Tyler Myers.
0:33 of 3rd period - Shot by Mark Friedman.
0:33 of 3rd period - Stopped by Thatcher Demko without a rebound.
0:34 of 3rd period - Ryan O'Reilly wins face-off versus Sam Gagner in BUFFALO Sabres zone.
2:02 of 3rd period - Shot by Ivan Provorov.
2:02 of 3rd period - Stopped by Thatcher Demko without a rebound.
2:03 of 3rd period - Ryan O'Reilly wins face-off versus Robby Fabbri in BUFFALO Sabres zone.
2:10 of 3rd period - Shot by Mark Friedman.
2:10 of 3rd period - Stopped by Thatcher Demko with a rebound.
2:16 of 3rd period - Shot by Ryan O'Reilly.
2:16 of 3rd period - Stopped by Thatcher Demko without a rebound.
2:17 of 3rd period - Evgeny Kuznetsov wins face-off versus Sam Gagner in BUFFALO Sabres zone.
2:34 of 3rd period - Shot by Peter Cehlarik.
2:34 of 3rd period - Shot Misses the Net.
2:36 of 3rd period - Shot by Martin Fehervary.
2:36 of 3rd period - Stopped by Thatcher Demko with a rebound.
2:40 of 3rd period - Shot by Josh Mahura.
2:40 of 3rd period - Deflect By Peter Cehlarik.
2:40 of 3rd period - Stopped by Thatcher Demko without a rebound.
2:41 of 3rd period - Eetu Luostarinen wins face-off versus Cole Sillinger in BUFFALO Sabres zone.
3:14 of 3rd period - Shot by Jesperi Kotkaniemi.
3:14 of 3rd period - Stopped by Thatcher Demko with a rebound.
3:16 of 3rd period - Shot by Anders Lee.
3:16 of 3rd period - Stopped by Thatcher Demko without a rebound.
3:17 of 3rd period - Sam Gagner wins face-off versus Evgeny Kuznetsov in BUFFALO Sabres zone.
3:26 of 3rd period - Brandon Saad is hit by Lawson Crouse and loses puck.
4:10 of 3rd period - Icing by Ryan O'Reilly.
4:11 of 3rd period - Evgeny Kuznetsov wins face-off versus Ryan Johansen in TAMPA BAY Lightning zone.
4:13 of 3rd period - Icing by Ivan Provorov.
4:14 of 3rd period - Ryan Johansen wins face-off versus Evgeny Kuznetsov in TAMPA BAY Lightning zone.
4:32 of 3rd period - Off-side.
4:33 of 3rd period - Eetu Luostarinen wins face-off versus Oskar Sundqvist in neutral zone.
4:35 of 3rd period - Warren Foegele is hit by Artem Zub.
4:41 of 3rd period - Tyler Myers is hit by Oskar Sundqvist and loses puck.
4:47 of 3rd period - Icing by Joel Farabee.
4:48 of 3rd period - Eetu Luostarinen wins face-off versus Cole Sillinger in BUFFALO Sabres zone.
4:48 of 3rd period - Eetu Luostarinen is hit by Cole Sillinger.
5:12 of 3rd period - Shot by Warren Foegele.
5:12 of 3rd period - Stopped by Garret Sparks without a rebound.
5:13 of 3rd period - Evgeny Kuznetsov wins face-off versus Sam Gagner in TAMPA BAY Lightning zone.
5:42 of 3rd period - Conor Sheary is hit by Lawson Crouse and loses puck.
6:51 of 3rd period - Shot by Ivan Barbashev.
6:51 of 3rd period - Stopped by Garret Sparks without a rebound.
6:52 of 3rd period - Eetu Luostarinen wins face-off versus Sam Steel in TAMPA BAY Lightning zone.
6:56 of 3rd period - Eetu Luostarinen is hit by Martin Fehervary and loses puck.
6:59 of 3rd period - Shot by Warren Foegele.
6:59 of 3rd period - Shot Blocked by Josh Mahura.
7:01 of 3rd period - Shot by Joel Farabee.
7:01 of 3rd period - Stopped by Garret Sparks without a rebound.
7:02 of 3rd period - Cole Sillinger wins face-off versus Jesper Boqvist in TAMPA BAY Lightning zone.
7:21 of 3rd period - Shot by Anton Blidh.
7:21 of 3rd period - Stopped by Garret Sparks without a rebound.
7:22 of 3rd period - Evgeny Kuznetsov wins face-off versus Ryan Johansen in TAMPA BAY Lightning zone.
7:32 of 3rd period - Lawson Crouse is hit by Ivan Barbashev and loses puck.
8:25 of 3rd period - Shot by Brandon Saad.
8:25 of 3rd period - Shot Blocked by Mark Friedman.
9:19 of 3rd period - Shot by Warren Foegele.
9:19 of 3rd period - Stopped by Garret Sparks without a rebound.
9:20 of 3rd period - Cole Sillinger wins face-off versus Jesper Boqvist in TAMPA BAY Lightning zone.
9:31 of 3rd period - Shot by Anders Lee.
9:31 of 3rd period - Stopped by Thatcher Demko without a rebound.
9:32 of 3rd period - Ryan Johansen wins face-off versus Evgeny Kuznetsov in BUFFALO Sabres zone.
9:32 of 3rd period - Ryan Johansen is hit by Lawson Crouse.
9:47 of 3rd period - Icing by Ty Smith.
9:48 of 3rd period - Ryan Johansen wins face-off versus Cole Sillinger in BUFFALO Sabres zone.
10:55 of 3rd period - Shot by Brandon Saad.
10:55 of 3rd period - Stopped by Garret Sparks without a rebound.
10:56 of 3rd period - Oskar Sundqvist wins face-off versus Eetu Luostarinen in TAMPA BAY Lightning zone.
11:03 of 3rd period - Shot by Oskar Sundqvist.
11:03 of 3rd period - Stopped by Thatcher Demko with a rebound.
11:05 of 3rd period - Shot by Kent Johnson.
11:05 of 3rd period - Deflect By Rasmus Asplund.
11:05 of 3rd period - Stopped by Thatcher Demko without a rebound.
11:06 of 3rd period - Evgeny Kuznetsov wins face-off versus Jesper Boqvist in BUFFALO Sabres zone.
11:49 of 3rd period - Shot by Jesper Boqvist.
11:49 of 3rd period - Stopped by Garret Sparks without a rebound.
11:50 of 3rd period - Oskar Sundqvist wins face-off versus Sam Gagner in TAMPA BAY Lightning zone.
13:00 of 3rd period - Peter Cehlarik is hit by Robby Fabbri and loses puck.
13:59 of 3rd period - Icing by Ryan McDonagh .
14:00 of 3rd period - Evgeny Kuznetsov wins face-off versus Jesper Boqvist in TAMPA BAY Lightning zone.
14:05 of 3rd period - Ryan O'Reilly is hit by Anton Blidh and loses puck.
14:51 of 3rd period - Minor Penalty to Ty Smith for Hooking.
14:52 of 3rd period - Evgeny Kuznetsov wins face-off versus Sam Gagner in BUFFALO Sabres zone.
14:55 of 3rd period - Shot by Artem Zub.
14:55 of 3rd period - Stopped by Thatcher Demko with a rebound.
15:13 of 3rd period - Mark Friedman is hit by Ryan Johansen and loses puck.
16:35 of 3rd period - Shot by Jesperi Kotkaniemi.
16:35 of 3rd period - Goal by Jesperi Kotkaniemi - BUFFALO Sabres : 1 - TAMPA BAY Lightning : 5.
16:36 of 3rd period - Sam Steel wins face-off versus Eetu Luostarinen in neutral zone.
16:36 of 3rd period - Peter Cehlarik is hit by Joel Farabee.
16:54 of 3rd period - Shot by Eetu Luostarinen.
16:54 of 3rd period - Shot Misses the Net.
17:17 of 3rd period - Icing by Peter Cehlarik.
17:18 of 3rd period - Sam Steel wins face-off versus Ryan Johansen in TAMPA BAY Lightning zone.
17:30 of 3rd period - Robby Fabbri is hit by Martin Fehervary and loses puck.
17:32 of 3rd period - Minor Penalty to Martin Fehervary for Tripping.
17:33 of 3rd period - Sam Gagner wins face-off versus Oskar Sundqvist in TAMPA BAY Lightning zone.
18:06 of 3rd period - Shot by Sam Gagner.
18:06 of 3rd period - Shot Blocked by Artem Zub.
18:06 of 3rd period - Artem Zub from TAMPA BAY Lightning is injured at 18:06 of 3rd period (Left Leg).
18:07 of 3rd period - Ryan Johansen wins face-off versus Oskar Sundqvist in TAMPA BAY Lightning zone.
18:10 of 3rd period - Shot by Nelson Nogier.
18:10 of 3rd period - Shot Misses the Net.
18:12 of 3rd period - Shot by Robby Fabbri.
18:12 of 3rd period - Stopped by Garret Sparks without a rebound.
18:13 of 3rd period - Oskar Sundqvist wins face-off versus Ivan Barbashev in TAMPA BAY Lightning zone.
18:13 of 3rd period - Oskar Sundqvist is hit by Ryan Johansen.
19:23 of 3rd period - Shot by Ty Smith.
19:23 of 3rd period - Stopped by Garret Sparks with a rebound.
19:40 of 3rd period - Shot by Joel Farabee.
19:40 of 3rd period - Shot Misses the Net.
Goals for this period are 0 for BUFFALO Sabres vs 1 for TAMPA BAY Lightning.
Shots for this period are 9 for BUFFALO Sabres vs 13 for TAMPA BAY Lightning.